 Dungeon Crawl Stone Soup version 0.21.1-1-g345015fe64 (webtiles) character file.

172 JOKERXD40 the Chopper (level 5, -3/47 HPs)
             Began as a Hill Orc Monk on June 22, 2018.
             Slain by an orc
             ... wielding a +0 trident
              (8 damage)
             ... on level 3 of the Dungeon.
             The game lasted 00:06:05 (1817 turns).

JOKERXD40 the Chopper (Hill Orc Monk)               Turns: 1817, Time: 00:06:06

Health: -3/47      AC:  6    Str: 15    XL:     5   Next: 52%
Magic:  5/5        EV: 10    Int: 12    God:
Gold:   85         SH:  0    Dex: 13    Spells: 4/4 levels left

rFire    . . .     SeeInvis .   i - +0 hand axe
rCold    . . .     Gourm    .   (no shield)
rNeg     . . .     Faith    .   l - +0 scale mail
rPois    .         Spirit   .   (no helmet)
rElec    .         Reflect  .   (no cloak)
rCorr    .         Harm     .   (no gloves)
MR       .....                  (no boots)
Stlth    ..........             (no amulet)
HPRegen  0.15/turn              s - +2 ring of intelligence (curse)
MPRegen  0.09/turn              (no ring)

@: no status effects
A: no striking features
a: no special abilities


You were on level 3 of the Dungeon.
You were not hungry.

You visited 1 branch of the dungeon, and saw 3 of its levels.

You collected 85 gold pieces.

Inventory:

Hand Weapons
 i - a +0 hand axe (weapon)
Missiles
 b - 144 stones (quivered)
 n - 4 exploding tomahawks
Armour
 l - a +0 scale mail (worn)
Jewellery
 s - a cursed +2 ring of intelligence (left hand)
Wands
 q - a wand of flame (39)
Scrolls
 a - 2 scrolls of immolation
 e - 2 scrolls of fog
 f - a scroll of remove curse {unknown}
 g - a scroll of teleportation {unknown}
 j - a scroll of identify
 m - a scroll of blinking {unknown}
 o - 2 scrolls of amnesia
 p - a scroll of random uselessness {unknown}
 t - a scroll of enchant armour {unknown}
Potions
 d - a potion of haste {unknown}
 h - a potion of mutation {unknown}
 k - a potion of lignification {unknown}
Comestibles
 c - 7 rations
 r - 2 chunks of flesh


   Skills:
 + Level 4.4 Fighting
 + Level 5.6 Axes
 + Level 2.4 Armour
 + Level 3.2 Dodging
 + Level 1.7 Stealth


You had 4 spell levels left.
You didn't know any spells.

Dungeon Overview and Level Annotations

Branches:
Dungeon (3/15)

Altars:


Message History

The orc barely misses you. The orc closely misses you.
You hit the orc but do no damage.
The orc is heavily wounded.
The orc closely misses you. The orc hits you with a dagger.
* * * LOW HITPOINT WARNING * * *
You closely miss the orc.
The orc is heavily wounded.
The orc barely misses you.
The orc hits you from afar with a trident.
* * * LOW HITPOINT WARNING * * *
The orc hits you with a dagger.
* * * LOW HITPOINT WARNING * * *
You hit the orc.
The orc is heavily wounded.
The orc barely misses you. The orc hits you with a dagger.
* * * LOW HITPOINT WARNING * * *
You hit the orc but do no damage.
The orc is heavily wounded.
The orc hits you from afar with a trident!
You die...

#.# ... #.. # #.# .
##.) #..# # o.# #..#
#.# #o# #..# #.# #@##
#..# #.# #..## #..# #.#
###.#.## #..# #.#
..###.# #..# ##.#
######.#.## #..###...
........## #........
#####...#######.###...>
#...........##.#...
#..##########.###..


You could see 2 orcs.

Vanquished Creatures
  Terence (D:2)
  Jessica (D:3)
  A worker ant (D:2)
  4 adders
  An ooze (D:2)
  3 leopard geckos
  5 bats
  2 giant cockroaches
  7 goblins
  6 hobgoblins
  4 kobolds
  3 quokkas
  2 ball pythons
  3 frilled lizards
  9 rats
52 creatures vanquished.

Notes
Turn   | Place    | Note
-------+----------+-------------------------------------------
     0 | D:1      | JOKERXD40 the Hill Orc Monk began the quest for the Orb.
     0 | D:1      | Reached XP level 1. HP: 19/19 MP: 1/1
   142 | D:1      | Reached XP level 2. HP: 21/27 MP: 2/2
   376 | D:1      | Reached XP level 3. HP: 29/33 MP: 3/3
   638 | D:2      | Reached skill level 1 in Armour
   695 | D:2      | Reached XP level 4. HP: 31/40 MP: 4/4
   796 | D:2      | Noticed Terence
   829 | D:2      | Killed Terence
   829 | D:2      | Reached skill level 5 in Axes
  1584 | D:3      | Reached XP level 5. HP: 46/47 MP: 5/5
  1651 | D:3      | Noticed Jessica
  1664 | D:3      | Killed Jessica
  1817 | D:3      | Slain by an orc

Skill      XL: |  1  2  3  4 |
---------------+-------------+-----
Fighting       | 4 |  4.4
Armour         | 1 2 |  2.4
Axes           | 5 |  5.6
Dodging        | 3 |  3.2
Stealth        | |  1.7

Action                   |  1- 3 |  4- 6 || total
-------------------------+-------+-------++-------
Melee: Hand axe          |    81 |   140 ||   221
  Use: Scroll            |       |     3 ||     3
 Stab: Sleeping          |     1 |       ||     1
  Eat: Chunk             |       |     3 ||     3
Armor: Ring mail         |    34 |     8 ||    42
       Scale mail        |       |    53 ||    53
Dodge: Dodged            |    46 |    88 ||   134
